 Dungeon Crawl Stone Soup version 0.27-a0-695-gb4952372f7 (webtiles) character file.

Game seed: 8155871143481153188

122 markofcorn the Shield-Bearer (level 4, -5/40 HPs)
             Began as a Minotaur Fighter on Mar 22, 2021.
             Slain by a gnoll
             ... wielding a +0 spear
              (6 damage)
             ... on level 3 of the Dungeon.
             The game lasted 00:18:51 (1816 turns).

markofcorn the Shield-Bearer (Minotaur Fighter)     Turns: 1816, Time: 00:18:51

Health: -5/40      AC:  9    Str: 21    XL:     4   Next: 78%
Magic:  12/12      EV:  5    Int:  5    God:
Gold:   52         SH:  9    Dex: 10    Spells: 3/3 levels left

rFire    . . .     SeeInvis .   O - +2 hunting sling (freeze)
rCold    . . .     Faith    .   c - +0 kite shield
rNeg     . . .     Spirit   .   P - +0 chain mail
rPois    .         Reflect  .   (helmet restricted)
rElec    .         Harm     .   (no cloak)
rCorr    .         Rampage  .   (no gloves)
Will     .....                  (no boots)
Stlth    ..........             (no amulet)
HPRegen  0.13/turn              i - ring of magical power
MPRegen  0.13/turn              (no ring)

@: no status effects
A: horns 2, retaliatory headbutt
a: no special abilities


You were on level 3 of the Dungeon.
You visited 1 branch of the dungeon, and saw 4 of its levels.

You collected 52 gold pieces.

Inventory:

Hand Weapons
 a - a +0 war axe
 f - a +0 mace
 g - a +0 club
 h - a +0 club
 j - a +0 hand axe
 k - a +0 dagger
 l - a +0 mace
 m - a +0 dagger
 n - a +0 whip
 o - a +0 spear
 r - a +0 short sword
 t - a +0 war axe
 u - a +0 club
 w - a +0 flail
 y - a +0 mace
 A - a +0 hand axe
 D - a +0 short sword
 E - a +0 hand axe of electrocution
 F - a +0 club
 H - a +0 club
 J - a +0 short sword
 L - a +0 flail
 O - a +2 hunting sling of freezing (weapon)
Missiles
 d - 25 sling bullets
 s - 37 bolts
 v - 35 stones (quivered ammo)
Armour
 b - a +0 scale mail
 c - a +0 kite shield (worn)
 e - a +0 leather armour
 p - a +0 robe
 x - a +0 pair of gloves
 z - a +0 leather armour
 G - a +0 ring mail
 I - a +0 leather armour
 K - a +1 scale mail of fire resistance
 M - a +0 leather armour
 P - a +0 chain mail (worn)
Jewellery
 i - a ring of magical power (right hand)
Scrolls
 q - a scroll of identify {unknown}
 C - a scroll of noise {unknown}
Potions
 B - 2 potions of attraction {unknown}
 N - a potion of cancellation {unknown}


   Skills:
 + Level 4.1 Fighting
 + Level 3.9 Axes
 + Level 4.5 Armour
 + Level 0.3 Dodging
 + Level 4.7 Shields


You had 3 spell levels left.
You didn't know any spells.
Your spell library was empty.

Dungeon Overview and Level Annotations

Branches:
Dungeon (4/15)
 Temple: D:4-7

Altars:
Nemelex Xobeh


Innate Abilities, Weirdness & Mutations

You have a pair of horns on your head.
You reflexively headbutt those who attack you in melee.


Message History

The gnoll shouts!
The gnoll hits you but does no damage.
The gnoll hits you from afar with a +0 spear.
You completely miss the gnoll. The gnoll hits you with a +0 flail!
The gnoll barely misses you.
You hit the gnoll.
The gnoll is moderately wounded.
The gnoll barely misses you. The gnoll hits you but does no damage.
The gnoll hits you with a +0 flail!
You completely miss the gnoll.
The gnoll is moderately wounded.
You block the gnoll's attack. The gnoll barely misses you.
You block the gnoll's attack.
You barely miss the gnoll.
The gnoll is moderately wounded.
The gnoll hits you with a +0 flail. You block the gnoll's attack.
You slash the gnoll!
You kill the gnoll!
You block the gnoll's attack. The gnoll closely misses you.
The gnoll hits you but does no damage.
Your shield and chain mail prevent you from hitting the gnoll.
You block the gnoll's attack. The gnoll hits you but does no damage.
The gnoll hits you with a +0 spear.
The gnoll hits you from afar with a +0 halberd!
* * * LOW HITPOINT WARNING * * *
The gnoll barely misses you.
Okay, then.
Your +0 hand axe of electrocution stops crackling.
Your +2 hunting sling of freezing is covered in frost.
O - a +2 hunting sling of freezing (weapon)
Fire: 36 stones
Press: ? - help, Q - select action, (/) - cycle Shift-Dir - straight line, f - gnoll
Aim: a gnoll, wielding a +0 spear (64% to hit)
You shoot a stone.
The stone hits the gnoll but does no damage.
The gnoll hits you from afar with a +0 spear!
* * * LOW HITPOINT WARNING * * *
The gnoll hits you from afar with a +0 spear.
You die...

#.....# #.....#
#.....# #.....#
#.##### #.# #.#
#.# #@# #.# #g#
#g#
#g###########.#
#...g.g._.....#
###############


You could see 3 gnolls.

Vanquished Creatures
  Jessica (D:2)
  2 gnolls
  An adder (D:2)
  A worm (D:3)
  2 dart slugs (D:1)
  A leopard gecko (D:3)
  9 orcs (D:3)
  5 giant cockroaches
  3 goblins
  5 hobgoblins
  4 jackals (D:3)
  7 bats
  2 frilled lizards
  3 kobolds
  4 rats
50 creatures vanquished.

Notes
Turn   | Place    | Note
-------+----------+-------------------------------------------
     0 | D:1      | markofcorn the Minotaur Fighter began the quest for the
                  | Orb.
     0 | D:1      | Reached XP level 1. HP: 19/19 MP: 0/0
   219 | D:1      | Reached XP level 2. HP: 27/27 MP: 1/1
   579 | D:1      | Reached XP level 3. HP: 32/33 MP: 2/2
   929 | D:2      | Noticed Jessica
   939 | D:2      | Killed Jessica
   940 | D:2      | Reached XP level 4. HP: 36/40 MP: 3/3
  1297 | D:2      | You fall into a shaft and drop 2 floors!
  1788 | D:3      | Found a sparkling altar of Nemelex Xobeh.
  1816 | D:3      | HP: 1/40 [gnoll/+0 spear (9)]
  1816 | D:3      | Slain by a gnoll

Illustrated notes

Levels and vault maps discovered:
D:1:      dpeg_arrival_tiny_j, layout_loops_ring
D:2:      layout_basic, uniq_jessica
D:3:      layout_basic, overflow_temple_1_default, roderic_lattice_a
D:4:      layout_rooms, tgw_xom, minmay_temple_entry_wispy, moated_statue

Skill      XL: |  1  2  3  4 |
---------------+-------------+-----
Shields        | 4 |  4.7
Axes           | 3 |  3.9
Armour         | 4 |  4.5
Fighting       | 4 |  4.1
Dodging        | |  0.3

Action                   |  1- 3 |  4- 6 || total
-------------------------+-------+-------++-------
Melee: War axe           |    49 |    35 ||    84
       Headbutt          |     8 |     6 ||    14
       Hand axe          |       |    10 ||    10
 Fire: Hunting sling     |       |     1 ||     1
Throw: Stone             |       |     6 ||     6
  Use: Scroll            |     3 |       ||     3
       Potion            |       |     2 ||     2
Armor: Scale mail        |    26 |    13 ||    39
       Chain mail        |       |     4 ||     4
Dodge: Dodged            |    18 |    21 ||    39
Block: Kite shield       |    25 |    30 ||    55

Table legend: (Time is in decaauts)
 A = Elapsed time spent in this place.
 B = Non-inter-level travel time spent in this place.
 C = Inter-level travel time spent in this place.
 D = Time resting spent in this place.
 E = Time spent auto-exploring this place.
 F = Levels seen in this place.
 G = Mean time per level.
                   A        B        C        D        E       F      G
               +--------+--------+--------+--------+--------+-----+--------+
         Total |   1868 |   1868 |      0 |      0 |     25 |   4 |  467.0 |
       Dungeon |   1868 |   1868 |      0 |      0 |     25 |   4 |  467.0 |
               +--------+--------+--------+--------+--------+-----+--------+

Top non-repeatable levels by time:
     D:1: 870 daAuts
     D:3: 530 daAuts
     D:2: 462 daAuts
     D:4: 4 daAuts
